 Dungeon Crawl Stone Soup version 0.28-a0-983-g1de4e0787c (webtiles) character file.

Game seed: 11594062730572567449

158 tatocazan the Skirmisher (level 5, -1/42 HPs)
             Began as a Demonspawn Fighter on Dec 2, 2021.
             Slain by a scorpion (2 damage)
             ... on level 4 of the Dungeon.
             The game lasted 00:03:43 (3096 turns).

tatocazan the Skirmisher (Demonspawn Fighter)       Turns: 3096, Time: 00:03:44

Health: -1/42      AC:  8    Str: 19    XL:     5   Next: 16%
Magic:  5/5        EV:  9    Int:  9    God:
Gold:   60         SH:  4    Dex: 12    Spells: 4/4 levels left

rFire   + . .      SeeInvis .   a - +0 war axe
rCold   + . .      Faith    .   c - +0 buckler
rNeg    . . .      Spirit   .   b - +0 scale mail
rPois   +          Reflect  .   (helmet restricted)
rElec   +          Harm     .   (no cloak)
rCorr   +          Rampage  .   (no gloves)
Will    .....                   q - +0 pair of boots
Stlth   ..........              (no amulet)
HPRegen 0.14/turn               (no ring)
MPRegen 0.09/turn               (no ring)

@: lethally poisoned (-1 -> -8), resistant
A: antennae 2, powered by death 1
a: no special abilities


You were on level 4 of the Dungeon.
You visited 1 branch of the dungeon, and saw 4 of its levels.

You collected 60 gold pieces.

Inventory:

Hand Weapons
 a - a +0 war axe (weapon)
Armour
 b - a +0 scale mail (worn)
 c - a +0 buckler (worn)
 q - a +0 pair of boots (worn)
 w - a +0 plate armour
Jewellery
 k - a ring of see invisible
 v - a ring of flight
Scrolls
 f - 2 scrolls of identify
 g - a scroll of teleportation
 i - a scroll of noise
 m - a scroll of fog {unknown}
 n - 2 scrolls of vulnerability {unknown}
 r - 2 scrolls of enchant weapon {unknown}
 s - a scroll of brand weapon {unknown}
 t - a scroll of magic mapping {unknown}
Potions
 d - a potion of might
 e - 2 potions of mutation
 h - a potion of degeneration {unknown}
 j - a potion of resistance
 l - 2 potions of curing
 o - a potion of flight {unknown}
 p - a potion of ambrosia {unknown}
 u - a potion of attraction {unknown}


   Skills:
 + Level 3.7 Fighting
 * Level 3.3 Axes
 + Level 3.3 Armour
 + Level 3.4 Shields


You had 4 spell levels left.
You didn't know any spells.
Your spell library was empty.

Dungeon Overview and Level Annotations

Branches:
Dungeon (4/15)
 Temple: D:4-7

Altars:
Nemelex Xobeh
Qazlal
Sif Muna

Shops:
D:2 :


Innate Abilities, Weirdness & Mutations

You have a pair of antennae on your head.
You regenerate a little health from kills.


Message History

You have reached level 5!
You regained 3 hp, and now have 8/42 hp.
MP restored: 5 The scorpion barely misses you.
You block the scorpion's attack. The scorpion closely misses you.
The scorpion stings you.
* * * LOW HITPOINT WARNING * * *
You take 4 damage, and have 6/42 hp.
It was a potion of resistance.
You feel protected.
The scorpion stings you but does no damage.
It was a potion of curing.
You feel better. The scorpion barely misses you. The scorpion misses you.
You regained 5 hp, and now have 12/42 hp.
You closely miss the scorpion. The scorpion closely misses you.
You hit the scorpion.
The scorpion is lightly wounded.
You block the scorpion's attack.
The scorpion stings you but does no damage.
You hit the scorpion but do no damage.
The scorpion is lightly wounded.
The scorpion stings you but does no damage.
The scorpion stings you.
* * * LOW HITPOINT WARNING * * *
You are lethally poisoned!
The scorpion poisons you!
You take 3 damage, and have 9/42 hp.
You completely miss the scorpion.
The scorpion is lightly wounded.
* * * LOW HITPOINT WARNING * * *
You feel very sick.
The scorpion stings you but does no damage.
You take 5 damage, and have 4/42 hp.
You slash the scorpion!
The scorpion is severely wounded.
* * * LOW HITPOINT WARNING * * *
You feel very sick. The scorpion stings you.
You die...

########### ######
#.........######<....
#.........#....#.....
#.........#....#.....
#.........#....#.....
#....>....'....#.....
#...@.....#....#.....
#..s......#....#.....
#####.........#'####.....
#.....######.........#'##
#.....'....#.........#...
#.....#....#.........#...
#.....#....#.........#...
#.....# ...#.........#...
###+##.....#
...#.........#...


You could see a scorpion.

Vanquished Creatures
  An iguana (D:4)
  A hound skeleton (D:4)
  An adder (D:2)
  An adder skeleton (D:4)
  4 worms
  3 dart slugs
  2 orcs (D:3)
  8 ball pythons
  6 bats
  10 endoplasms
  13 giant cockroaches
  4 goblins (D:1)
  4 hobgoblins
  7 jackals
  5 quokkas
  3 frilled lizards
  2 kobolds (D:2)
  6 rats
81 creatures vanquished.

Notes
Turn   | Place    | Note
-------+----------+-------------------------------------------
     0 | D:1      | tatocazan the Demonspawn Fighter began the quest for the
                  | Orb.
     0 | D:1      | Reached XP level 1. HP: 18/18 MP: 1/1
   271 | D:1      | Gained mutation: You regenerate a little health from kills.
                  | [demonic ancestry]
   271 | D:1      | Reached XP level 2. HP: 24/24 MP: 2/2
   508 | D:1      | Found a faded altar of an unknown god.
   956 | D:1      | Gained mutation: You have a pair of small antennae on your
                  | head. [demonic ancestry]
   956 | D:1      | Reached XP level 3. HP: 29/29 MP: 3/3
  1355 | D:2      | Found Otsan's Book Emporium.
  1441 | D:2      | Found a shimmering blue altar of Sif Muna.
  2066 | D:3      | Gained mutation: You have a pair of antennae on your head.
                  | [demonic ancestry]
  2066 | D:3      | Reached XP level 4. HP: 35/35 MP: 4/4
  2100 | D:3      | Found a stormy altar of Qazlal.
  2417 | D:3      | Found a sparkling altar of Nemelex Xobeh.
  2640 | D:4      | Noticed a scorpion
  3075 | D:4      | Reached XP level 5. HP: 8/42 MP: 5/5
  3096 | D:4      | HP: 1/42 [poisoned by a scorpion]
  3096 | D:4      | Slain by a scorpion

Illustrated notes

Levels and vault maps discovered:
D:1:      dpeg_arrival_erosion, layout_basic, ebering_ecumenical_altar_mist,
          grunt_decor_arrowhead, nrook_campfire
D:2:      layout_basic, basic_altar, serial_shops, shop, minmay_pentomino_t4
D:3:      minmay_roachtagon, layout_rooms,
          mainiacjoe_overflow_concentric_impassable, lemuel_tele_altar
D:4:      layout_gridville, okawaru_ov_weapons_minmay

Skill      XL: |  1  2  3  4 |
---------------+-------------+-----
Axes           | 2 3 |  3.3
Shields        | 3 |  3.4
Armour         | 3 |  3.3
Fighting       | |  3.7

Action                   |  1- 3 |  4- 6 || total
-------------------------+-------+-------++-------
Melee: War axe           |   102 |   103 ||   205
  Use: Scroll            |       |     3 ||     3
       Potion            |       |     2 ||     2
Armor: Scale mail        |    38 |    69 ||   107
Dodge: Dodged            |    52 |    75 ||   127
Block: Buckler           |    15 |    24 ||    39

Table legend: (Time is in decaauts)
 A = Elapsed time spent in this place.
 B = Non-inter-level travel time spent in this place.
 C = Inter-level travel time spent in this place.
 D = Time resting spent in this place.
 E = Time spent auto-exploring this place.
 F = Levels seen in this place.
 G = Mean time per level.
                   A        B        C        D        E       F      G
               +--------+--------+--------+--------+--------+-----+--------+
         Total |   3174 |   3030 |    144 |    299 |   2093 |   4 |  793.5 |
       Dungeon |   3174 |   3030 |    144 |    299 |   2093 |   4 |  793.5 |
               +--------+--------+--------+--------+--------+-----+--------+

Top non-repeatable levels by time:
     D:1: 1077 daAuts
     D:2: 1016 daAuts
     D:3: 648 daAuts
     D:4: 432 daAuts
